[Event "NED-ch U20 Girls 2018"]
[Site "Assen"]
[Date "2018.05.02"]
[Round "4"]
[White "Tiggelman, Laura"]
[Black "Woest, Imre"]
[Result "0-1"]
[ECO "B50"]
[WhiteElo "1536"]
[BlackElo "1418"]
[Annotator "NA RC"]
[PlyCount "92"]
[EventDate "2018.??.??"]
[EventType "swiss"]
[EventCountry "NED"]
[SourceTitle "playchess.com"]
[Source "ChessBase"]
[SourceQuality "1"]
[TimeControl "5400+30"]

1. e4 c5 2. Nf3 d6 3. c3 Nf6 4. Bd3 Nc6 5. Bc2 Bg4 6. d3 e6 7. Nbd2 Be7 8. h3 Bh5 9. O-O O-O 10. Re1 b5 11. Nf1 Ne5 12. g4 Nexg4 13. hxg4 Bxg4 14. N1h2 Bh5 15. Kg2 Ng4 16. Rh1 d5 17. d4 Rc8 18. exd5 Nxh2 19. Rxh2 Qxd5 20. Qd3 Bg6 21. Qe2 cxd4 22. Bxg6 fxg6 23. cxd4 Rc4 24. Be3 g5 25. Rh5 g4 26. Rxd5 gxf3+ 27. Qxf3 Rxf3 28. Kxf3 exd5 29. b3 Rc2 30. a4 b4 31. Rd1 Rc3 32. Rb1 Kf7 33. Kg4 Kg6 34. a5 h5+ 35. Kh3 Kf5 36. a6 g5 37. Kg2 g4 38. Rh1 h4 39. Rb1 h3+ 40. Kg1 Bg5 41. Rf1 Rxb3 42. Bxg5 Kxg5 43. Re1 Ra3 44. Re5+ Kf4 45. Rxd5 Rxa6 46. Rb5 Rb6 0-1

[Event "NED-ch U20 Girls 2018"]
[Site "Assen"]
[Date "2018.05.02"]
[Round "4"]
[White "Adema, Marrit"]
[Black "Naber, Quirine"]
[Result "1-0"]
[ECO "E98"]
[WhiteElo "1497"]
[BlackElo "1775"]
[Annotator "NA RC"]
[PlyCount "97"]
[EventDate "2018.??.??"]
[EventType "swiss"]
[EventCountry "NED"]
[SourceTitle "playchess.com"]
[Source "ChessBase"]
[SourceQuality "1"]
[TimeControl "5400+30"]

1. d4 Nf6 2. c4 g6 3. Nc3 Bg7 4. e4 d6 5. Be2 O-O 6. Nf3 e5 7. O-O Nc6 8. d5 Ne7 9. Ne1 Ne8 10. Be3 f5 11. f3 f4 12. Bf2 g5 13. a4 h5 14. a5 Ng6 15. b4 Rf7 16. c5 Bf8 17. c6 Rh7 18. Nb5 a6 19. Na7 Nf6 20. Nxc8 Qxc8 21. b5 bxc6 22. dxc6 axb5 23. Bxb5 g4 24. a6 h4 25. Kh1 g3 26. Bg1 h3 27. Ra2 Nh4 28. Bc4+ Kh8 29. Qb3 Qe8 30. Qb7 Rb8 31. a7 Ra8 32. Rb2 gxh2 33. Bxh2 hxg2+ 34. Nxg2 d5 35. Qb8 Bc5 36. Qxa8 Qxa8 37. Rb8+ Kg7 38. Rxa8 Nxf3 39. Rxf3 Ng4 40. Rg8+ Kxg8 41. a8=Q+ Kg7 42. Ne3 fxe3 43. Kg2 Rxh2+ 44. Kg3 dxc4 45. Qd8 e2 46. Qd7+ Kh8 47. Qe8+ Kh7 48. Rf7+ Kh6 49. Qe6+ 1-0

[Event "NED-ch U20 Girls 2018"]
[Site "Assen"]
[Date "2018.05.03"]
[Round "5"]
[White "Den Dunnen, Lola"]
[Black "Duson, Robin"]
[Result "0-1"]
[ECO "E46"]
[WhiteElo "1912"]
[BlackElo "1920"]
[Annotator "NA"]
[PlyCount "142"]
[EventDate "2018.??.??"]
[EventType "swiss"]
[EventCountry "NED"]
[SourceTitle "playchess.com"]
[Source "ChessBase"]
[SourceQuality "1"]
[TimeControl "5400+30"]

1. d4 Nf6 2. c4 e6 3. Nc3 Bb4 4. e3 O-O 5. Nge2 d5 6. a3 Bd6 7. cxd5 exd5 8. Ng3 {[%emt 0:03:58] E46: Nimzo-Indian: Rubinstein: 4 e3 0-0 5 Ne2 without early Bd3} Re8 9. Bd3 b6 {[%emt 0:04:59] LiveBook: 10 Games} (9... c5 10. dxc5 Bxc5 11. O-O Nc6 12. b4 Bb6 13. Nce2 d4 14. e4 Ne5 15. Bf4 Nfg4 16. h3 Nxd3 17. Qxd3 Ne5 18. Bxe5 Rxe5 19. f4 Re8 {1-0 (42) Nakamura,H (2787)-Topalov,V (2761) Paris 2016}) 10. b4 c6 11. O-O Nbd7 12. Qc2 Bb7 $146 ({Predecessor:} 12... Nf8 13. f3 Bb7 14. Nf5 Bc7 15. Ne2 Rc8 {1-0 (31) Borsuk,A (2303)-Domarkaite,L (2187) Istanbul 2000}) 13. e4 dxe4 14. Ngxe4 Bc7 15. Bg5 h6 16. Be3 Nxe4 17. Bxe4 Nf6 18. Bf3 Qd7 19. g3 Bd6 20. Rfd1 $11 Rac8 21. Qd3 Bb8 22. Bg2 Rcd8 23. Rac1 Re7 24. b5 cxb5 25. Bxb7 Qxb7 26. Qxb5 Qf3 27. Qe2 Qxe2 28. Nxe2 Nd5 29. Rd3 Rde8 30. Nf4 Bxf4 31. Bxf4 Re1+ 32. Rxe1 Rxe1+ 33. Kg2 Nxf4+ 34. gxf4 Kf8 35. d5 Ke7 36. Kf3 Kd6 37. h4 f5 38. Rc3 Re7 39. Rd3 h5 40. Kg2 g6 41. Rg3 Rg7 42. Rd3 Rf7 43. Kf1 Rf6 44. Ke2 Kc5 45. Kd2 Rd6 46. Kc3 Rxd5 47. Rg3 Rd6 48. Rg1 Re6 49. Kb3 b5 50. Rc1+ Kb6 51. Rg1 a6 52. Rg3 Kc5 53. Rg1 Kd6 54. Kb4 Ke7 55. Ka5 Kf7 56. Rc1 Re4 57. Kxa6 Ra4+ 58. Kxb5 Rxa3 59. Rc7+ Kf6 60. Rc6+ Kg7 61. Rc7+ Kh6 62. Kc5 Ra4 63. Kd5 Rxf4 64. Ke5 Rxh4 65. Kf6 Ra4 66. f4 Ra6+ 67. Kf7 h4 68. Rc1 Kh5 69. Rg1 h3 70. Re1 Kg4 71. Rh1 Kg3 0-1

[Event "NED-ch U20 Girls 2018"]
[Site "Assen"]
[Date "2018.05.03"]
[Round "5"]
[White "Martinez, Anna"]
[Black "Adema, Marrit"]
[Result "1/2-1/2"]
[ECO "E14"]
[WhiteElo "1795"]
[BlackElo "1497"]
[Annotator "NA"]
[PlyCount "40"]
[EventDate "2018.??.??"]
[EventType "swiss"]
[EventCountry "NED"]
[SourceTitle "playchess.com"]
[Source "ChessBase"]
[SourceQuality "1"]
[TimeControl "5400+30"]

1. c4 Nf6 2. Nc3 e6 3. Nf3 b6 4. b3 Bb7 5. Bb2 c5 6. e3 d5 7. d4 Nbd7 8. Be2 Be7 9. O-O O-O 10. Rc1 Rc8 11. Ne5 Ne8 12. cxd5 cxd4 13. exd4 exd5 14. Bg4 f5 15. Bf3 Nef6 16. Ne2 Ne4 17. Nf4 Rxc1 18. Bxc1 Qc8 19. Nxd7 Qxd7 20. Bb2 Bd6 1/2-1/2

[Event "NED-ch U20 Girls 2018"]
[Site "Assen"]
[Date "2018.05.03"]
[Round "5"]
[White "Waardenburg, Marlinde"]
[Black "Tiggelman, Laura"]
[Result "1-0"]
[ECO "B23"]
[WhiteElo "1686"]
[BlackElo "1536"]
[Annotator "NA"]
[PlyCount "67"]
[EventDate "2018.??.??"]
[EventType "swiss"]
[EventCountry "NED"]
[SourceTitle "playchess.com"]
[Source "ChessBase"]
[SourceQuality "1"]
[TimeControl "5400+30"]

1. e4 c5 2. Nc3 Nc6 3. f4 g6 4. Nf3 Bg7 5. Bc4 e6 6. d3 Nge7 7. O-O d5 8. Bb3 O-O 9. Qe1 Nd4 10. Nxd4 cxd4 11. Nd1 a5 12. a4 dxe4 13. dxe4 b6 14. Rf3 Ba6 15. Nf2 Rc8 16. Rh3 Bc4 17. Bd2 Bxb3 18. cxb3 Qd7 19. Nd3 Rc2 20. b4 axb4 21. Bxb4 Rfc8 22. Qh4 h5 23. Qxe7 Qc6 24. Re1 Qxa4 25. Qg5 Qa8 26. Rf3 Qb7 27. f5 exf5 28. exf5 Qd5 29. Qh4 b5 30. fxg6 fxg6 31. Qg3 g5 32. Rf2 h4 33. Qg4 Rxf2 34. Qxc8+ 1-0

[Event "NED-ch U20 Girls 2018"]
[Site "Assen"]
[Date "2018.05.03"]
[Round "5"]
[White "Warnaar, Alisha"]
[Black "Waardenburg, Feline"]
[Result "0-1"]
[ECO "C06"]
[WhiteElo "1647"]
[BlackElo "1737"]
[Annotator "NA"]
[PlyCount "76"]
[EventDate "2018.??.??"]
[EventType "swiss"]
[EventCountry "NED"]
[SourceTitle "playchess.com"]
[Source "ChessBase"]
[SourceQuality "1"]
[TimeControl "5400+30"]

1. e4 e6 2. d4 d5 3. Nd2 Nf6 4. e5 Nfd7 5. Bd3 c5 6. c3 Nc6 7. Ne2 cxd4 8. cxd4 f6 9. exf6 Nxf6 10. Nf3 Bd6 11. O-O Qc7 12. Bg5 O-O 13. Qc2 h6 14. Bh4 Nh5 15. Bh7+ Kh8 16. Bg6 Rxf3 17. Bxh5 Bxh2+ 18. Kh1 Rf5 19. Bg6 Bd6 20. Bxf5 exf5 21. Bg3 f4 22. Bh2 Qf7 23. Qd3 Bf5 24. Qf3 Be4 25. Qb3 f3 26. Bxd6 fxg2+ 27. Kg1 gxf1=Q+ 28. Kxf1 Qh5 29. Qg3 Re8 30. Nf4 Qh1+ 31. Qg1 Qf3 32. Qg3 Nxd4 33. Qxf3 Bxf3 34. Be5 Nc2 35. Rc1 Be4 36. Bd6 Rd8 37. Be5 Re8 38. Bd6 g5 0-1

[Event "NED-ch U20 Girls 2018"]
[Site "Assen"]
[Date "2018.05.03"]
[Round "5"]
[White "Woest, Imre"]
[Black "Verhoeff, Timardi"]
[Result "0-1"]
[ECO "B12"]
[WhiteElo "1418"]
[BlackElo "1911"]
[Annotator "NA"]
[PlyCount "73"]
[EventDate "2018.??.??"]
[EventType "swiss"]
[EventCountry "NED"]
[SourceTitle "playchess.com"]
[Source "ChessBase"]
[SourceQuality "1"]
[TimeControl "5400+30"]

1. e4 c6 2. d4 d5 3. e5 Bf5 4. Nf3 e6 5. Be2 Nd7 6. O-O Ne7 7. Nbd2 h6 8. Nb3 Qc7 9. a4 Bg4 10. Ne1 Bxe2 11. Qxe2 c5 12. dxc5 Qxe5 13. Be3 Ng6 14. Nd3 Qc7 15. f4 Be7 16. Bd4 O-O 17. g4 Bf6 $11 18. Bxf6 Nxf6 19. Nd4 Ne4 20. b4 Rfe8 21. Qg2 a6 22. f5 Nf8 23. fxe6 fxe6 24. Nf2 Nxf2 25. Rxf2 Ng6 26. Re1 Nf4 27. Qg3 e5 28. Nf5 Qd7 29. Nd6 Re6 30. h3 b6 31. Qe3 Rf8 32. Nf5 d4 33. Qb3 Qd5 34. Qxd5 Nxd5 35. Nxd4 Ree8 36. Rxf8+ Kxf8 37. Nc6 0-1

[Event "NED-ch U20 Girls 2018"]
[Site "Assen"]
[Date "2018.05.04"]
[Round "6"]
[White "Verhoeff, Timardi"]
[Black "Waardenburg, Marlinde"]
[Result "1-0"]
[ECO "A25"]
[WhiteElo "1911"]
[BlackElo "1686"]
[Annotator "NA"]
[PlyCount "121"]
[EventDate "2018.??.??"]
[EventType "swiss"]
[EventCountry "NED"]
[SourceTitle "playchess.com"]
[Source "ChessBase"]
[SourceQuality "1"]
[TimeControl "5400+30"]

1. c4 e5 2. g3 Nc6 3. Bg2 f5 4. e3 Nf6 5. Nc3 d5 6. d4 {[%emt 0:29:39] A25: English Opening vs King's Indian with ...Nc6 but without early d3} ({Better is} 6. cxd5 $14 Nb4 7. d3) (6. Nxd5 Nxd5 7. cxd5 Nb4 8. d3 Nxd5 9. Nf3 Bb4+ 10. Bd2 Bxd2+ 11. Qxd2 Qd6 12. O-O O-O 13. e4 Ne7 14. d4 fxe4 15. Nxe5 {1-0 (50) Kramnik,V (2799)-Bartel,M (2674) Dortmund 2012}) 6... e4 7. a3 $146 ({Predecessor:} 7. Nge2 Nb4 8. O-O dxc4 9. f3 exf3 10. Bxf3 c6 11. b3 Be6 12. e4 fxe4 13. Nxe4 Nxe4 14. Bxe4 {½-½ (61) Truyens,A (2254)-De Smet,K (2260) ICCF email 2005}) 7... dxc4 8. Qa4 Be6 9. f3 Bd5 10. fxe4 Nxe4 11. Nxe4 fxe4 12. Ne2 Qd7 13. Nf4 g5 14. Nxd5 Qxd5 15. Qc2 O-O-O 16. Bxe4 Nxd4 $1 17. exd4 $2 (17. Qg2 $11 Qe6 18. O-O (18. Bxb7+ Kb8 $17) 18... Ne2+ 19. Kh1) 17... Re8 18. O-O Qxd4+ 19. Qf2 (19. Kh1 {might work better.} Qxe4+ 20. Qxe4 Rxe4 21. Bxg5) 19... Qxf2+ ({Resist} 19... Rxe4 20. Qxd4 Rxd4 21. Bxg5 $17) 20. Kxf2 Rxe4 21. Bxg5 Bc5+ 22. Kg2 Re2+ 23. Kh3 Bd4 24. Bc1 (24. Rf7 $17 {was worth a try.}) 24... Rhe8 25. Rd1 Bxb2 26. Bxb2 Rxb2 27. Rac1 Ree2 28. Rxc4 Rxh2+ 29. Kg4 Rhd2 30. Rh1 Rd7 31. Rf4 b6 32. Rf8+ Kb7 33. Rh8 Rg7+ 34. Kf4 Rb3 35. g4 Rxa3 36. Rh4 Ra4+ 37. Kf5 Rf7+ 38. Kg5 Rg7+ $11 (38... Rff4 $19 39. R8xh7 a5) 39. Kf5 a5 40. R8xh7 Rxh7 41. Rxh7 Rd4 42. g5 Rd5+ 43. Kf6 Rd6+ 44. Kf5 Rd5+ 45. Kf6 b5 46. g6 Rd6+ 47. Kf7 Rxg6 48. Kxg6 Kb6 49. Kf5 c6 50. Ke4 Kc5 51. Rh1 a4 52. Kd3 b4 53. Rh5+ Kb6 54. Kc4 b3 55. Kb4 b2 56. Rh1 c5+ 57. Kxa4 Kc6 58. Kb3 Kd5 59. Kxb2 Kd4 60. Kc2 c4 61. Rh4+ 1-0

[Event "NED-ch U20 Girls 2018"]
[Site "Assen"]
[Date "2018.05.04"]
[Round "6"]
[White "Naber, Quirine"]
[Black "Martinez, Anna"]
[Result "1/2-1/2"]
[ECO "B40"]
[WhiteElo "1775"]
[BlackElo "1795"]
[Annotator "NA"]
[PlyCount "54"]
[EventDate "2018.??.??"]
[EventType "swiss"]
[EventCountry "NED"]
[SourceTitle "playchess.com"]
[Source "ChessBase"]
[SourceQuality "1"]
[TimeControl "5400+30"]

1. e4 c5 2. Nf3 e6 3. d4 cxd4 4. Nxd4 Nf6 5. f3 d5 6. Bb5+ Bd7 7. e5 Bxb5 8. Nxb5 Nfd7 9. f4 a6 10. Nd4 Nc6 11. c3 Qh4+ 12. g3 Qh3 13. Qf3 h5 14. Nd2 Be7 15. N2b3 Nxd4 16. Nxd4 h4 17. g4 Qxf3 18. Nxf3 O-O-O 19. Be3 Bc5 20. Bd4 Bxd4 21. cxd4 f6 22. Ke2 Kb8 23. h3 Nf8 24. Ke3 Ng6 25. Rac1 Rhf8 26. Rhf1 f5 27. g5 Rd7 1/2-1/2

[Event "NED-ch U20 Girls 2018"]
[Site "Assen"]
[Date "2018.05.04"]
[Round "6"]
[White "Waardenburg, Feline"]
[Black "Den Dunnen, Lola"]
[Result "0-1"]
[ECO "E20"]
[WhiteElo "1737"]
[BlackElo "1912"]
[Annotator "NA"]
[PlyCount "74"]
[EventDate "2018.??.??"]
[EventType "swiss"]
[EventCountry "NED"]
[SourceTitle "playchess.com"]
[Source "ChessBase"]
[SourceQuality "1"]
[TimeControl "5400+30"]

1. d4 Nf6 2. c4 e6 3. Nc3 Bb4 4. Bd2 c5 5. a3 Bxc3 6. Bxc3 Ne4 {[%emt 0:00:27] E20: Nimzo-Indian: 4 g3 and 4 f3} 7. Qc2 (7. Rc1 Nxc3 8. Rxc3 Qb6 9. Nf3 cxd4 10. Nxd4 Nc6 11. Nb5 O-O 12. e3 d5 13. c5 Qd8 14. Be2 {1-0 (42) Slipak,S (2439)-Real de Azua,E (2484) Villa Martelli 2017}) 7... Nxc3 8. Qxc3 cxd4 9. Qxd4 O-O 10. Nf3 d6 11. e3 Nc6 12. Qc3 Qe7 13. Be2 $146 ({Predecessor:} 13. Rd1 e5 {1-0 (41) Jones (2129)-Dehaybe,A (2006) LSS email 2008}) 13... b6 14. O-O Bb7 15. Rfd1 Rfd8 16. Nd2 Ne5 17. f4 Ng6 18. Rf1 f5 19. Nf3 e5 20. Rad1 exf4 21. Nd4 $1 Qg5 22. Bf3 Bxf3 23. Nxf3 Qg4 24. exf4 Nxf4 25. Qc2 Re8 26. Rd2 Re4 27. c5 bxc5 28. Qb3+ $19 c4 29. Qc2 d5 30. Nd4 Rxd4 31. Rxd4 Ne2+ 32. Kh1 Nxd4 33. Qc3 Re8 34. h3 Qe4 35. Rd1 Ne2 36. Qa5 d4 37. Qxa7 Nf4 0-1

[Event "NED-ch U20 Girls 2018"]
[Site "Assen"]
[Date "2018.05.04"]
[Round "6"]
[White "Adema, Marrit"]
[Black "Duson, Robin"]
[Result "0-1"]
[ECO "E48"]
[WhiteElo "1497"]
[BlackElo "1920"]
[Annotator "NA"]
[PlyCount "44"]
[EventDate "2018.??.??"]
[EventType "swiss"]
[EventCountry "NED"]
[SourceTitle "playchess.com"]
[Source "ChessBase"]
[SourceQuality "1"]
[TimeControl "5400+30"]

1. d4 Nf6 2. c4 e6 3. Nc3 Bb4 4. e3 O-O 5. Bd3 d5 6. Nge2 dxc4 7. Bxc4 e5 8. Qc2 {[%emt 0:05:22] E48: Nimzo-Indian: Rubinstein: 5 Bd3 d5 including 6 Ne2, but excluding 6 a3} exd4 $146 ({Predecessor:} 8... Nc6 $5 9. a3 exd4 10. axb4 dxc3 11. b5 Ne5 12. Qxc3 Be6 13. Qxe5 Bxc4 14. Nd4 Nd7 15. Qf5 Re8 {0-1 (49) Renet,O (2494)-Adams,M (2742) France 2002}) 9. Nxd4 c5 10. Nf3 Nc6 11. O-O Bxc3 12. Qxc3 Bf5 (12... Ne4 $15 13. Qb3 Qe7) 13. a3 Ne4 14. Qe1 Na5 15. Ba2 Qb6 16. b4 Nc6 17. Rb1 cxb4 18. axb4 Nd6 19. Rb2 Bd3 $19 20. Qc3 Bxf1 21. Kxf1 Rac8 22. Qd3 Qb5 0-1

[Event "NED-ch U20 Girls 2018"]
[Site "Assen"]
[Date "2018.05.04"]
[Round "6"]
[White "Monteny, Pascalle"]
[Black "Tiggelman, Laura"]
[Result "0-1"]
[ECO "B26"]
[WhiteElo "1446"]
[BlackElo "1536"]
[Annotator "NA"]
[PlyCount "108"]
[EventDate "2018.??.??"]
[EventType "swiss"]
[EventCountry "NED"]
[SourceTitle "playchess.com"]
[Source "ChessBase"]
[SourceQuality "1"]
[TimeControl "5400+30"]

1. e4 c5 2. Nc3 Nc6 3. g3 g6 4. Bg2 Bg7 5. d3 e6 6. Be3 d6 7. Qd2 Nd4 8. Nge2 Nxe2 9. Qxe2 Ne7 10. O-O O-O 11. f4 b6 12. g4 d5 13. exd5 Nxd5 14. Nxd5 exd5 15. c3 Rb8 16. Bd2 Re8 17. Qf3 Bb7 18. Qf2 d4 19. c4 Bxg2 20. Qxg2 Qd7 21. Rae1 b5 22. b3 bxc4 23. dxc4 Rxe1 24. Rxe1 Re8 25. Kf1 Rxe1+ 26. Kxe1 Qe6+ 27. Qe2 Qc6 28. h3 Qh1+ 29. Qf1 Qe4+ 30. Qe2 Qb1+ 31. Kf2 Qxa2 32. Qd3 a5 33. Kf3 Qa3 34. Ke2 a4 35. bxa4 Qxa4 36. f5 Qa6 37. Qb3 Qa8 38. Kd1 gxf5 39. gxf5 Qh1+ 40. Be1 Qe4 41. Qb8+ Bf8 42. Qg3+ Kh8 43. Qg5 Qd3+ 44. Bd2 Qf1+ 45. Be1 Qf3+ 46. Kd2 Qc3+ 47. Kd1 Qa1+ 48. Ke2 Qa2+ 49. Kd1 Qb3+ 50. Kd2 Qb2+ 51. Kd1 d3 52. Bd2 Qb1+ 53. Bc1 Qc2+ 54. Ke1 Qe2# 0-1

[Event "NED-ch U20 Girls 2018"]
[Site "Assen"]
[Date "2018.05.05"]
[Round "7"]
[White "Duson, Robin"]
[Black "Naber, Quirine"]
[Result "1-0"]
[ECO "C54"]
[WhiteElo "1920"]
[BlackElo "1775"]
[Annotator "NA RC"]
[PlyCount "67"]
[EventDate "2018.??.??"]
[EventType "swiss"]
[EventCountry "NED"]
[SourceTitle "playchess.com"]
[Source "ChessBase"]
[SourceQuality "1"]
[TimeControl "5400+30"]

1. e4 e5 2. Nf3 Nc6 3. Bc4 Bc5 4. c3 Nf6 5. d3 d6 6. O-O Bg4 7. Nbd2 Qe7 {[%emt 0:00:43] C54: Giuoco Piano: 4 c3 Nf6, main lines with 5 d4 and 5 d3} (7... Qd7 8. a4 a6 9. a5 Ba7 10. Re1 Ne7 11. h3 Be6 12. d4 Ng6 13. Bf1 O-O 14. Kh2 Rae8 15. g3 {0-1 (29) Jaracz,P (2474)-Ernst,S (2540) Germany 2016}) 8. b4 Bb6 9. h3 Bd7 $146 ({Predecessor:} 9... Be6 10. Re1 O-O 11. Bb3 a5 12. b5 Nb8 13. a4 Nbd7 14. Nf1 Nc5 15. Bc2 {0-1 (25) Ingunza Curro,A (1743)-Serrano Garcia,V (1841) Madrid 2017}) 10. Re1 O-O 11. Nf1 Be6 12. Bb3 h6 13. Ng3 a5 14. b5 Na7 15. a4 c6 16. bxc6 Nxc6 17. Nh4 Qc7 18. Rb1 Ba7 (18... Ne7 $16) 19. Qf3 Ne7 {[%emt 0:01:07] [#]} 20. Bxh6 $1 Qxc3 $2 (20... Bxb3 {is a better chance.} 21. Ngf5 (21. Rxb3 Ng6 $18) 21... Ne8) 21. Rec1 Qd4 22. Rc7 Bxb3 23. Rxb3 Nc6 24. Rbxb7 Nd8 $2 (24... Qa1+ 25. Kh2 Nd4) 25. Be3 Qa1+ 26. Rc1 Qa3 27. Re7 Bxe3 28. Qxe3 Qxa4 $2 (28... Ne6 29. Ngf5 Rae8) 29. Ngf5 Ne6 {[%emt 0:01:00] [#]} 30. Nh6+ $1 gxh6 $2 (30... Kh7 {was necessary.} 31. N4f5 (31. Rxf7 Rxf7 32. Nxf7 Qd7 $14) 31... Rae8) 31. Qxh6 Nxe4 32. dxe4 (32. Ng6 $142 Qd1+ 33. Rxd1 fxg6 34. Qh7#) 32... Qxe4 33. Rxe6 fxe6 34. Ng6 $18 (34. Qg5+ $142 Kh8 35. Rc7 Qb1+ 36. Kh2 Rf7 37. Rxf7 Qh7 38. Qf6+ Kg8 39. Rxh7 Kxh7 40. Qf7+ Kh8 41. Ng6#) 1-0

[Event "NED-ch U20 Girls 2018"]
[Site "Assen"]
[Date "2018.05.05"]
[Round "7"]
[White "Den Dunnen, Lola"]
[Black "Verhoeff, Timardi"]
[Result "1-0"]
[ECO "A84"]
[WhiteElo "1912"]
[BlackElo "1911"]
[Annotator "NA"]
[PlyCount "97"]
[EventDate "2018.??.??"]
[EventType "swiss"]
[EventCountry "NED"]
[SourceTitle "playchess.com"]
[Source "ChessBase"]
[SourceQuality "1"]
[TimeControl "5400+30"]

1. d4 e6 2. c4 f5 3. Nc3 Nf6 4. Nf3 d5 5. cxd5 exd5 6. Bg5 Be7 {[%emt 0:02:18] A84: Dutch Defence: 2 c4 Miscellaneous} 7. Ne5 c6 8. e3 O-O 9. Bd3 Ne4 10. Bxe7 Qxe7 11. O-O Nd7 12. f4 Rf6 13. Bxe4 fxe4 14. Qe2 $146 ({Predecessor:} 14. Qb3) 14... Nxe5 15. dxe5 Rh6 16. Qf2 Bd7 17. Rab1 Rf8 18. Qd2 Qh4 19. g3 $1 Qh5 ({Black should play} 19... Qh3 $15) 20. Rf2 Bg4 21. Ne2 Qh3 22. Qe1 ({Better is} 22. Nd4 $14) 22... Bf3 23. Qf1 {[%emt 0:00:52] [#]} Qg4 $1 24. Rxf3 Qxf3 25. Qxf3 exf3 26. Nd4 {[%emt 0:00:24] [#]} f2+ $1 27. Kxf2 (27. Kg2 $17) 27... Rxh2+ 28. Kf3 c5 29. Ne6 Rc8 30. f5 c4 31. Nd4 (31. g4 $17) 31... a6 32. a4 (32. e6 $17 {was called for.}) 32... g6 33. g4 {[%emt 0:01:40] [#]} Rh3+ $1 34. Kf4 Kf7 35. e6+ Ke7 36. Re1 Rg8 37. Ke5 gxf5 38. gxf5 Rh5 39. Kxd5 Rd8+ 40. Ke5 Rg8 41. Rc1 Rc8 42. Rg1 Rc5+ 43. Kf4 Kf6 44. e4 Rh4+ 45. Rg4 Rh2 46. Nf3 Rf2 47. Rg8 b5 48. Rf8+ $18 Kg7 49. e7 1-0

[Event "NED-ch U20 Girls 2018"]
[Site "Assen"]
[Date "2018.05.05"]
[Round "7"]
[White "Martinez, Anna"]
[Black "Warnaar, Alisha"]
[Result "1/2-1/2"]
[ECO "C00"]
[WhiteElo "1795"]
[BlackElo "1647"]
[Annotator "NA RC"]
[PlyCount "49"]
[EventDate "2018.??.??"]
[EventType "swiss"]
[EventCountry "NED"]
[SourceTitle "playchess.com"]
[Source "ChessBase"]
[SourceQuality "1"]
[TimeControl "5400+30"]

1. e4 e6 2. d3 d5 3. Qe2 Nc6 4. Nf3 dxe4 5. dxe4 e5 6. h3 Bc5 7. Nc3 f6 8. Bd2 Be6 9. O-O-O Qe7 10. Be3 Bxe3+ 11. Qxe3 Qf7 12. a3 Nge7 13. g4 h6 14. Rg1 Rd8 15. Bb5 a6 16. Be2 Ng6 17. Qc5 Qe7 18. Qe3 Nf4 19. Nh4 Qf7 20. Ng2 Nxg2 21. Rxg2 Rxd1+ 22. Bxd1 g5 23. Rh2 Kf8 24. h4 Qg7 25. f3 1/2-1/2

[Event "NED-ch U20 Girls 2018"]
[Site "Assen"]
[Date "2018.05.05"]
[Round "7"]
[White "Waardenburg, Marlinde"]
[Black "Monteny, Pascalle"]
[Result "1/2-1/2"]
[ECO "C97"]
[WhiteElo "1686"]
[BlackElo "1446"]
[Annotator "NA"]
[PlyCount "125"]
[EventDate "2018.??.??"]
[EventType "swiss"]
[EventCountry "NED"]
[SourceTitle "playchess.com"]
[Source "ChessBase"]
[SourceQuality "1"]
[TimeControl "5400+30"]

1. e4 e5 2. Nf3 Nc6 3. Bb5 a6 4. Ba4 Nf6 5. O-O Be7 6. Re1 b5 7. Bb3 d6 8. c3 O-O 9. h3 Na5 10. Bc2 c5 11. d4 Nd7 12. Nbd2 Bf6 13. Nf1 Qc7 14. Ne3 Nb6 15. dxe5 dxe5 16. Nh2 Be6 17. Qf3 Bd8 18. Nf5 Bxf5 19. exf5 f6 20. h4 Kh8 21. h5 h6 22. Qg4 Rc8 23. Nf3 Nc6 24. Nh4 Ne7 25. Re3 Rg8 26. Rg3 Qd7 27. Be3 Nbd5 28. Rd1 Nxe3 29. Rxe3 Qe8 30. Be4 Bb6 31. Red3 Rd8 32. Rd6 Rxd6 33. Rxd6 Bc7 34. Rxa6 Kh7 35. Ra8 Qf7 36. Ra7 Rc8 37. Qf3 Qe8 38. Bb7 Rd8 39. Be4 Qd7 40. Kh2 Qd6 41. Rb7 Qd7 42. Qe2 Rb8 43. Rxb8 Bxb8 44. Kg1 Kg8 45. b3 Kf8 46. g4 Bc7 47. Nf3 Ba5 48. c4 b4 49. Qc2 Bc7 50. Qc1 Ba5 51. Kf1 Qd6 52. Ke2 Ke8 53. a3 bxa3 54. Qxa3 Qb6 55. Qa2 Qb4 56. Qa4+ Kd8 57. Qxb4 Bxb4 58. Ne1 Bxe1 59. Kxe1 Kc7 60. Kd2 Kb6 61. Kd3 Ka5 62. Kc3 Nc8 63. f3 1/2-1/2

[Event "NED-ch U20 Girls 2018"]
[Site "Assen"]
[Date "2018.05.05"]
[Round "7"]
[White "Woest, Imre"]
[Black "Adema, Marrit"]
[Result "0-1"]
[ECO "B22"]
[WhiteElo "1418"]
[BlackElo "1497"]
[Annotator "NA RC"]
[PlyCount "72"]
[EventDate "2018.??.??"]
[EventType "swiss"]
[EventCountry "NED"]
[SourceTitle "playchess.com"]
[Source "ChessBase"]
[SourceQuality "1"]
[TimeControl "5400+30"]

1. e4 c5 2. Nf3 d6 3. c3 Nc6 4. d4 cxd4 5. cxd4 Bg4 6. Bb5 a6 7. Bxc6+ bxc6 8. Nbd2 e6 9. O-O Ne7 10. b3 d5 11. e5 c5 12. dxc5 Nc6 13. h3 Bxf3 14. Nxf3 Bxc5 15. Bg5 Qb6 16. Rc1 Ba3 17. Rc2 O-O 18. Be3 Qb7 19. Bc5 Bxc5 20. Rxc5 Rac8 21. Qd2 Nxe5 22. Rxc8 Nxf3+ 23. gxf3 Rxc8 24. Rc1 h6 25. f4 Rxc1+ 26. Qxc1 f6 27. Qc5 Kf7 28. Qd6 a5 29. Qc5 Qa8 30. Kh2 Qd8 31. b4 axb4 32. Qxb4 d4 33. a4 d3 34. Qd2 Qd6 35. Kg1 g5 36. fxg5 hxg5 0-1